| TOP OF THE 1ST |
|
Lake County Captains batting - Pitching for Bowling Green Hot Rods : RHP Julio Trejo
|
|
Pitching: RHP Julio Trejo
|
|
|
Batting: RHB George Wagner
|
0-0: Called Strike 0-1: Foul Ball, location: 2F 0-2: Ball 1-2: Fly out, F7 (Line Drive, 7, EV 87.5 MPH)
|
|
Batting: RHB Steve Gusman
|
0-0: SINGLE (Groundball, 56, EV 104.4 MPH) (infield hit)
|
|
Batting: RHB Josh Patterson
|
0-0: Called Strike 0-1: Ball 1-1: Called Strike 1-2: Foul Ball, location: 2F 1-2: Ball 2-2: Ball 3-2: Fly out, F9 (Flyball, 9LMF, EV 87.5 MPH)
|
|
Batting: LHB Jeff Palmowski
|
0-0: Called Strike 0-1: Ball 1-1: Ball Steve Gusman is caught stealing 2nd base 2-6
|
| Top of the 1st over - 0 runs, 1 hit, 0 errors, 0 left on base; Lake County 0 - Bowling Green 0 |
| BOTTOM OF THE 1ST |
|
Bowling Green Hot Rods batting - Pitching for Lake County Captains : RHP Victor Barron
|
|
Pitching: RHP Victor Barron
|
|
|
Batting: RHB Kunizo Yanagisawa
|
0-0: Called Strike 0-1: Foul Ball, location: 2F 0-2: Ground out 5-3 (Groundball, 15, EV 91.2 MPH)
|
|
Batting: SHB Wayne Hattan
|
0-0: SOLO HOME RUN (Flyball, 7D, EV 99.4 MPH), Distance : 372 ft
|
|
Batting: LHB Mario Ocana
|
0-0: Foul Ball, location: 2F 0-1: Ground out 4-3 (Groundball, 4, EV 101.9 MPH)
|
|
Batting: LHB Sean Banks
|
0-0: Ball 1-0: Ball 2-0: Foul Ball, location: 2F 2-1: Ball 3-1: Called Strike 3-2: Strikes out swinging
|
| Bottom of the 1st over - 1 run, 1 hit, 0 errors, 0 left on base; Lake County 0 - Bowling Green 1 |
| TOP OF THE 2ND |
|
Lake County Captains batting - Pitching for Bowling Green Hot Rods : RHP Julio Trejo
|
|
Batting: LHB Jeff Palmowski
|
0-0: Ball 1-0: Called Strike 1-1: Ball 2-1: Foul Ball, location: 2F 2-2: Foul Ball, location: 2F 2-2: Strikes out swinging
|
|
Batting: LHB Aaron Caron
|
0-0: SINGLE (Line Drive, 78M, EV 106.9 MPH)
|
|
Batting: RHB Chris Diaz
|
0-0: Called Strike 0-1: Foul Ball, location: 2F 0-2: Ball 1-2: SINGLE (Groundball, 34D, EV 95.0 MPH) Aaron Caron to second Runner from 2nd tries for 3rd, SAFE, no throw by RF
|
|
Batting: RHB Jeremy Givens
|
0-0: Called Strike 0-1: Ball 1-1: Ball 2-1: Foul Ball, location: 2F 2-2: Fly out, F8 (Flyball, 8LM, EV 81.9 MPH)
|
|
Batting: RHB Anibal Casteles
|
0-0: Ball 1-0: Ball 2-0: Ball 3-0: Called Strike 3-1: Called Strike 3-2: Ground out 5-3 (Groundball, 56, EV 83.1 MPH)
|
| Top of the 2nd over - 0 runs, 2 hits, 0 errors, 2 left on base; Lake County 0 - Bowling Green 1 |
| BOTTOM OF THE 2ND |
|
Bowling Green Hot Rods batting - Pitching for Lake County Captains : RHP Victor Barron
|
|
Batting: RHB Isaiah Easter
|
0-0: Ball 1-0: SINGLE (Line Drive, 9S, EV 95.0 MPH)
|
|
Batting: LHB Jimmy Detrie
|
0-0: Called Strike 0-1: Ball 1-1: Ball 2-1: Fly out, F8 (Flyball, 8LM, EV 77.5 MPH)
|
|
Batting: RHB Jason Penfield
|
0-0: Ball 1-0: Called Strike 1-1: Ball 2-1: SINGLE (Groundball, 6D, EV 101.2 MPH) Isaiah Easter to second
|
|
Batting: RHB Jim Erdody
|
0-0: SINGLE (Groundball, 6D, EV 101.9 MPH) Isaiah Easter to third Jason Penfield to second Runner from 3rd tries for Home, SAFE, throw by CF to home
|
|
Batting: RHB Bazyli Andrysiak
|
0-0: Ball 1-0: Swinging Strike 1-1: Swinging Strike 1-2: DOUBLE (Line Drive, 78D, EV 98.8 MPH) Jason Penfield scores Jim Erdody to third Runner from 3rd tries for Home, SAFE, no throw by CF
|
|
Batting: RHB Kunizo Yanagisawa
|
0-0: Called Strike 0-1: Foul Ball, location: 2F 0-2: Ball 1-2: Strikes out swinging
|
|
Batting: SHB Wayne Hattan
|
0-0: SINGLE (Groundball, 56D, EV 103.8 MPH) Bazyli Andrysiak to third Runner from 3rd tries for Home, SAFE, throw by LF to home
|
|
Batting: LHB Mario Ocana
|
0-0: Foul Ball, location: 2F 0-1: Ball 1-1: Foul Ball, location: 2F 1-2: Ground out 4-3 (Groundball, 4, EV 83.1 MPH)
|
| Bottom of the 2nd over - 4 runs, 5 hits, 0 errors, 1 left on base; Lake County 0 - Bowling Green 5 |
| TOP OF THE 3RD |
|
Lake County Captains batting - Pitching for Bowling Green Hot Rods : RHP Julio Trejo
|
|
Batting: RHB Adam McMillen
|
0-0: Called Strike 0-1: SINGLE (Groundball, 34D, EV 98.1 MPH)
|
|
Batting: RHB George Wagner
|
0-0: Ball 1-0: SINGLE (Groundball, 6MD, EV 108.8 MPH) Adam McMillen to second
|
|
Batting: RHB Steve Gusman
|
0-0: Ball 1-0: Called Strike 1-1: Foul Ball, location: 2F 1-2: Ball 2-2: Strikes out looking
|
|
Batting: RHB Josh Patterson
|
0-0: Ball 1-0: Ball 2-0: Called Strike 2-1: Called Strike 2-2: Ball 3-2: Fielders Choice at 2nd, 3-6 (Groundball, 13, EV 87.5 MPH) Adam McMillen to third
|
|
Batting: LHB Jeff Palmowski
|
0-0: Called Strike 0-1: Swinging Strike 0-2: Foul Ball, location: 2F 0-2: Ball 1-2: Ball 2-2: Fly out, F8 (Flyball, 8LM, EV 94.4 MPH)
|
| Top of the 3rd over - 0 runs, 2 hits, 0 errors, 2 left on base; Lake County 0 - Bowling Green 5 |
| BOTTOM OF THE 3RD |
|
Bowling Green Hot Rods batting - Pitching for Lake County Captains : RHP Victor Barron
|
|
Batting: LHB Sean Banks
|
0-0: Ball 1-0: Ball 2-0: DOUBLE (Line Drive, 8LXD, EV 105.0 MPH)
|
|
Batting: RHB Isaiah Easter
|
0-0: DOUBLE (Line Drive, 5D, EV 100.0 MPH) Sean Banks scores
|
|
Pitching: RHP Leo Loetzsch
|
|
|
Batting: LHB Jimmy Detrie
|
0-0: Ball 1-0: Foul Ball, location: 2F 1-1: Foul Ball, location: 2F 1-2: Ball 2-2: Foul Ball, location: 2F 2-2: Ball 3-2: Single, Error in OF, E8, batter to second base (Line Drive, 6D, EV 99.4 MPH) Isaiah Easter scores
|
|
Batting: RHB Jason Penfield
|
0-0: Foul Ball, location: 2F 0-1: Fly out, F5 (Popup, 5S, EV 73.8 MPH)
|
|
Batting: RHB Jim Erdody
|
0-0: Called Strike 0-1: Ball 1-1: Ball Wild Pitch! Jimmy Detrie to third 2-1: Swinging Strike 2-2: Ground out 4-3 (Groundball, 4S, EV 73.8 MPH) Jimmy Detrie scores
|
|
Batting: RHB Bazyli Andrysiak
|
0-0: Ball 1-0: Ball 2-0: Ball 3-0: Called Strike 3-1: Called Strike 3-2: Strikes out swinging
|
| Bottom of the 3rd over - 3 runs, 3 hits, 1 error, 0 left on base; Lake County 0 - Bowling Green 8 |
| TOP OF THE 4TH |
|
Lake County Captains batting - Pitching for Bowling Green Hot Rods : RHP Julio Trejo
|
|
Batting: LHB Aaron Caron
|
0-0: Ball 1-0: Called Strike 1-1: Ball 2-1: Ground out U3 (Groundball, 3, EV 92.5 MPH)
|
|
Batting: RHB Chris Diaz
|
0-0: Ball 1-0: Swinging Strike 1-1: Called Strike 1-2: Ball 2-2: Foul Ball, location: 2F 2-2: Ground out 5-3 (Groundball, 56, EV 86.2 MPH)
|
|
Batting: RHB Jeremy Givens
|
0-0: SINGLE (Line Drive, 4D, EV 99.4 MPH)
|
|
Batting: RHB Anibal Casteles
|
0-0: Ball Jeremy Givens steals 2nd base 1-0: Called Strike 1-1: Ground out 1-3 (Groundball, 15S, EV 72.5 MPH)
|
| Top of the 4th over - 0 runs, 1 hit, 0 errors, 1 left on base; Lake County 0 - Bowling Green 8 |
| BOTTOM OF THE 4TH |
|
Bowling Green Hot Rods batting - Pitching for Lake County Captains : RHP Leo Loetzsch
|
|
Batting: RHB Kunizo Yanagisawa
|
0-0: Ball 1-0: Called Strike 1-1: Foul Ball, location: 2F 1-2: Ball 2-2: Foul Ball, location: 2F 2-2: Ball 3-2: Base on Balls
|
|
Batting: SHB Wayne Hattan
|
0-0: Swinging Strike 0-1: Grounds into double play, 5-4-3 (Groundball, 5, EV 109.4 MPH)
|
|
Batting: LHB Mario Ocana
|
0-0: Ball 1-0: Foul Ball, location: 2F 1-1: Fly out, F7 (Flyball, 7D, EV 98.8 MPH)
|
| Bottom of the 4th over - 0 runs, 0 hits, 0 errors, 0 left on base; Lake County 0 - Bowling Green 8 |
| TOP OF THE 5TH |
|
Lake County Captains batting - Pitching for Bowling Green Hot Rods : RHP Julio Trejo
|
|
Batting: RHB Adam McMillen
|
0-0: TRIPLE (Flyball, 8RXD, EV 111.9 MPH)
|
|
Batting: RHB George Wagner
|
0-0: Ball 1-0: Called Strike 1-1: Ground out 4-3 (Groundball, 4, EV 83.1 MPH) Adam McMillen scores
|
|
Batting: RHB Steve Gusman
|
0-0: Called Strike 0-1: Ball 1-1: Called Strike 1-2: Ball 2-2: Strikes out swinging
|
|
Batting: RHB Josh Patterson
|
0-0: Called Strike 0-1: Ball 1-1: Ball 2-1: Ball 3-1: Foul Ball, location: 2F 3-2: Ground out 5-3 (Groundball, 5, EV 81.2 MPH)
|
| Top of the 5th over - 1 run, 1 hit, 0 errors, 0 left on base; Lake County 1 - Bowling Green 8 |
| BOTTOM OF THE 5TH |
|
Bowling Green Hot Rods batting - Pitching for Lake County Captains : RHP Leo Loetzsch
|
|
Batting: LHB Sean Banks
|
0-0: Ground out 4-3 (Groundball, 4, EV 78.1 MPH)
|
|
Batting: RHB Isaiah Easter
|
0-0: Called Strike 0-1: Ball 1-1: Called Strike 1-2: Foul Ball, location: 2F 1-2: Ball 2-2: Ball 3-2: Strikes out looking
|
|
Batting: LHB Jimmy Detrie
|
0-0: Ground out 4-3 (Groundball, 4S, EV 80.6 MPH)
|
| Bottom of the 5th over - 0 runs, 0 hits, 0 errors, 0 left on base; Lake County 1 - Bowling Green 8 |
| TOP OF THE 6TH |
|
Lake County Captains batting - Pitching for Bowling Green Hot Rods : RHP Julio Trejo
|
|
Batting: LHB Jeff Palmowski
|
0-0: Ball 1-0: Foul Ball, location: 2F 1-1: Ball 2-1: Called Strike 2-2: Foul Ball, location: 2F 2-2: Foul Ball, location: 2F 2-2: Ball 3-2: Base on Balls
|
|
Batting: LHB Aaron Caron
|
0-0: Called Strike 0-1: Ball 1-1: Ball 2-1: Called Strike 2-2: Foul Ball, location: 2F 2-2: Strikes out swinging
|
|
Batting: RHB Chris Diaz
|
0-0: Ball 1-0: Fielders Choice at 2nd, 4-6 (Groundball, 4, EV 81.2 MPH)
|
|
Batting: RHB Jeremy Givens
|
0-0: Ball Pickoff Throw by Catcher to First - Out!
|
| Top of the 6th over - 0 runs, 0 hits, 0 errors, 0 left on base; Lake County 1 - Bowling Green 8 |
| BOTTOM OF THE 6TH |
|
Bowling Green Hot Rods batting - Pitching for Lake County Captains : RHP Leo Loetzsch
|
|
Batting: RHB Jason Penfield
|
0-0: Ball 1-0: Ball 2-0: Called Strike 2-1: Foul Ball, location: 2F 2-2: Foul Ball, location: 2F 2-2: Ball 3-2: Base on Balls
|
|
Batting: RHB Jim Erdody
|
0-0: DOUBLE (Line Drive, 7LD, EV 106.2 MPH) Jason Penfield to third
|
|
Batting: RHB Bazyli Andrysiak
|
0-0: Called Strike 0-1: Foul Ball, location: 2F 0-2: Ground out 5-3 (Groundball, 56S, EV 87.5 MPH) Jason Penfield scores
|
|
Batting: RHB Kunizo Yanagisawa
|
0-0: Called Strike 0-1: Ball 1-1: Ball 2-1: Foul Ball, location: 2F 2-2: Strikes out swinging
|
|
Pitching: LHP J.J. Adkins
|
|
|
Batting: SHB Wayne Hattan
|
0-0: Called Strike 0-1: Fly out, F7 (Flyball, 7D, EV 98.1 MPH)
|
| Bottom of the 6th over - 1 run, 1 hit, 0 errors, 1 left on base; Lake County 1 - Bowling Green 9 |
| TOP OF THE 7TH |
|
Lake County Captains batting - Pitching for Bowling Green Hot Rods : RHP Julio Trejo
|
|
Pitching: RHP Mike Oliver
|
|
|
Batting: RHB Jeremy Givens
|
0-0: Ball 1-0: Ball 2-0: Called Strike 2-1: Swinging Strike 2-2: Ball 3-2: Fly out, F8 (Flyball, 8LM, EV 96.2 MPH)
|
|
Batting: RHB Anibal Casteles
|
0-0: Swinging Strike 0-1: Ball 1-1: Foul Ball, location: 2F 1-2: Ball 2-2: Ground out 5-3 (Groundball, 5D, EV 85.0 MPH)
|
|
Pinch Hitting: LHB Vinny Carreno
|
0-0: Called Strike 0-1: Ball 1-1: Ball 2-1: Called Strike 2-2: SOLO HOME RUN (Flyball, 9D, EV 94.4 MPH), Distance : 350 ft
|
|
Batting: RHB George Wagner
|
0-0: Ball 1-0: Called Strike 1-1: Called Strike 1-2: Ball 2-2: Ground out 4-3 (Groundball, 4, EV 93.1 MPH)
|
| Top of the 7th over - 1 run, 1 hit, 0 errors, 0 left on base; Lake County 2 - Bowling Green 9 |
| BOTTOM OF THE 7TH |
|
Bowling Green Hot Rods batting - Pitching for Lake County Captains : LHP J.J. Adkins
|
|
Now at 2B: Steve Gusman
|
|
|
Now in LF: Aaron Caron
|
|
|
Now in RF: Vinny Carreno
|
|
|
Batting: LHB Mario Ocana
|
0-0: Called Strike 0-1: Foul Ball, location: 2F 0-2: Ball 1-2: Strikes out swinging
|
|
Batting: LHB Sean Banks
|
0-0: Fly out, F7 (Flyball, 7D, EV 101.9 MPH)
|
|
Pinch Hitting: RHB Jesse Haddad
|
0-0: Swinging Strike 0-1: Ball 1-1: Foul Ball, location: 2F 1-2: Foul Ball, location: 2F 1-2: Ball 2-2: Ball 3-2: Strikes out swinging
|
| Bottom of the 7th over - 0 runs, 0 hits, 0 errors, 0 left on base; Lake County 2 - Bowling Green 9 |
| TOP OF THE 8TH |
|
Lake County Captains batting - Pitching for Bowling Green Hot Rods : RHP Mike Oliver
|
|
Now in CF: Jesse Haddad
|
|
|
Batting: RHB Steve Gusman
|
0-0: Ball 1-0: Foul Ball, location: 2F 1-1: Fly out, F9 (Flyball, 89D, EV 86.2 MPH)
|
|
Batting: RHB Josh Patterson
|
0-0: Swinging Strike 0-1: Ball 1-1: Swinging Strike 1-2: Ball 2-2: Ball 3-2: Foul Ball, location: 2F 3-2: Base on Balls
|
|
Pitching: RHP Bill Alicea
|
|
|
Batting: LHB Jeff Palmowski
|
0-0: Ball 1-0: Ball 2-0: Ball 3-0: Called Strike 3-1: Called Strike 3-2: Ground out 4-3 (Groundball, 4MS, EV 83.1 MPH) Josh Patterson to second
|
|
Batting: LHB Aaron Caron
|
0-0: Ball 1-0: Ball 2-0: Foul Ball, location: 2F 2-1: Foul Ball, location: 2F 2-2: Ground out 1-3 (Groundball, 15S, EV 70.6 MPH)
|
| Top of the 8th over - 0 runs, 0 hits, 0 errors, 1 left on base; Lake County 2 - Bowling Green 9 |
| BOTTOM OF THE 8TH |
|
Bowling Green Hot Rods batting - Pitching for Lake County Captains : LHP J.J. Adkins
|
|
Batting: LHB Jimmy Detrie
|
0-0: Called Strike 0-1: Ball 1-1: Foul Ball, location: 2F 1-2: Ball 2-2: Ball 3-2: Strikes out swinging
|
|
Batting: RHB Jason Penfield
|
0-0: Called Strike 0-1: Called Strike 0-2: Hit by Pitch
|
|
Batting: RHB Jim Erdody
|
0-0: SINGLE (Groundball, 56S, EV 61.9 MPH) (infield hit) Jason Penfield to second
|
|
Batting: RHB Bazyli Andrysiak
|
0-0: Ball 1-0: Ball 2-0: Called Strike 2-1: Foul Ball, location: 2F 2-2: Foul Ball, location: 2F 2-2: Ball 3-2: Fielders Choice at 2nd, 4-6 (Groundball, 4, EV 86.2 MPH) Jason Penfield to third
|
|
Batting: RHB Kunizo Yanagisawa
|
0-0: Ball 1-0: Foul Ball, location: 2F 1-1: Foul Ball, location: 2F 1-2: SINGLE (Groundball, 6D, EV 106.9 MPH) Jason Penfield scores Bazyli Andrysiak to second
|
|
Batting: SHB Wayne Hattan
|
0-0: Ball 1-0: Ball 2-0: Ball 3-0: Base on Balls Bazyli Andrysiak to third Kunizo Yanagisawa to second
|
|
Batting: LHB Mario Ocana
|
0-0: Ball 1-0: Called Strike 1-1: Called Strike 1-2: Foul Ball, location: 2F 1-2: Ball 2-2: Ball 3-2: SINGLE (Line Drive, 9LS, EV 97.5 MPH) Bazyli Andrysiak scores Kunizo Yanagisawa to third Wayne Hattan to second Kunizo Yanagisawa scores Wayne Hattan to third
|
|
Batting: LHB Sean Banks
|
0-0: Called Strike 0-1: Foul Ball, location: 2F 0-2: Ball 1-2: TRIPLE (Line Drive, 78XD, EV 110.0 MPH) Wayne Hattan scores Mario Ocana scores
|
|
Batting: RHB Jesse Haddad
|
0-0: Ball 1-0: Called Strike 1-1: Foul Ball, location: 2F 1-2: Strikes out swinging
|
| Bottom of the 8th over - 5 runs, 4 hits, 0 errors, 1 left on base; Lake County 2 - Bowling Green 14 |
| TOP OF THE 9TH |
|
Lake County Captains batting - Pitching for Bowling Green Hot Rods : RHP Bill Alicea
|
|
Batting: RHB Chris Diaz
|
0-0: Ball 1-0: Ground out 6-3 (Groundball, 56, EV 103.1 MPH)
|
|
Batting: RHB Jeremy Givens
|
0-0: Called Strike 0-1: Ball 1-1: Swinging Strike 1-2: Strikes out looking
|
|
Batting: RHB Anibal Casteles
|
0-0: Called Strike 0-1: Swinging Strike 0-2: Ball 1-2: Strikes out looking
|
| Top of the 9th over - 0 runs, 0 hits, 0 errors, 0 left on base; Lake County 2 - Bowling Green 14 |
|